Workbook

Sheet Feasability Costs
A1: Feasability Plan for Multi Use Project
A3: 2008/2232 | Construction of 6 storey mixed use development comprising of 1 no. ground floor retail unit (Class A1) and 1 no. ground floor food and drink unit (Class A3) and 132 no. bedroom hotel (Class C1) with 10 no. car parking spaces and delivery/service yard (application for reserved matters approval pursuant to outline planning permission 2002/1000 granted on the 19th August 2003) | Site A14A Swansea SA1
C5: Rate | D5: Total | E5: Notes
A6: Hotel Cost Per Bed
A7: 18 | B7: nr | C7: 115000 | D7: =SUM(C7*A7) -> 2070000 | E7: Double
A8: 117 | B8: nr | C8: 115000 | D8: =SUM(C8*A8) -> 13455000 | E8: Twin
A10: Lifts
A11: 2 | B11: nr | C11: 145000 | D11: =SUM(C11*A11) -> 290000 | E11: Passenger
A13: Parking Spaces
A14: 300 | B14: m2 | C14: 110 | D14: =SUM(C14*A14) -> 33000
A16: Delivery and Service Area
A17: 150 | B17: m2 | C17: 110 | D17: =SUM(C17*A17) -> 16500
A18: 150
A19: Ground Floor Retail
A20: 600 | B20: m2 | C20: 1575 | D20: =SUM(C20*A20) -> 945000
A22: Ground Floor Food and Drink
A23: 750 | B23: m2 | C23: 2125 | D23: =SUM(C23*A23) -> 1593750
C25: Total | D25: =SUM(D6:D24) -> 18403250

Sheet Information_Used
B3: Design Drawings
B4: SITE_A14_A_ELEVATION_TO_DOCKSIDE-74211
B5: SITE_A14_A_ELEVATION_TO_LANGDON_ROAD_59493
B6: SITE_A14_A_ELEVATION_TO-PLOT-A11C-59694
B7: SITE_A14_A_ELEVATION-TO-PLAZA-59695
B8: SITE_LOCATION_PLAN-32644
B9: SITE_PLAN-59695
B10: SP136_P01_PROPOSED_GROUND_FLOOR_PLAN-70364
B11: SP136_P02_FIRST_FLOOR_PLAN-70362
B12: SP136_P03_SECOND_FLOOR_PLAN-59698
B13: SP136_P04_THIRD_FLOOR_PLAN-59698
B14: SP136_P05_FOURTH_FLOOR_PLAN-70363
... B25: Query Sheet
B27: Application Number: | D27: 2008/2232
B28: Project Site: | D28: Mixed-Use Development Site A14A, SA1, Swansea
B29: Student Name: | D29: Thomas Dilley | G29: Lecturer: | H29: Debroah Hughes
B30: Return E-mail: | D30: 1550329@student.uwtsd.ac.uk | G30: Contact E-mail: | H30: d.hughes@uwtsd.ac.uk
B32: Query Number | C32: Query Date | D32: Query | H32: Response Date | I32: Response
B33: 1 | C33: 10.11.2023 | D33: Can you please confirm the general finish of the scheme. | H33: 45240 | I33: Mid range to suit the image of the area.
B34: 2 | C34: 10.11.2023 | D34: Can you confirm the date that works are anticipated to be undertaken. | H34: 45240 | I34: Works to start ideally July 2024
B35: 3 | C35: 10.11.2023 | D35: There are 132nr Rooms stated in the information however there are 135nr Rooms shown in the drawings. Can you confirm you are happy to base the costs on the 135nr shown. | H35: 45240 | I35: Yes
B36: 4 | C36: 10.11.2023 | D36: Can you confirm if you there needs to be any allowances for the purchases of land, or has a separate budget been raised for this. | H36: 45240 | I36: I own the land and so doesn't need to be accounted for.
B37: 5 | C37: 10.11.2023 | D37: Are you able to provide me with the sizes of the build as the documents provided have been scanned in therefore are not to scale. There are no sizes shown on the drawings. Dimensions needed for the shops, as well as overall hotel size. | H37: 45240 | I37: No please use known measurements to scale from.
B38: 6 | C38: 10.11.2023 | D38: If a ground survey has been undertaken, can you provide the report? | H38: 45240 | I38: No but no contamination found only UXB testing required.
B39: 7 | C39: 10.11.2023 | D39: Is there any budget restrictions that I should be aware of? | H39: 45240 | I39: No unless price goes over the anticipaed budget figure
B40: 8 | C40: 10.11.2023 | D40: Is there any additional costs such as proffesional fees that need to be applied to budget? | H40: 45240 | I40: Professional fees need to be included as I don't know what they should be.

Sheet Summary Sheet
B2: Element Ref | C2: Element | D2: Cost Summary (Prior to Adjustment) | E2: Cost Summary (Updated for Location Only) | F2: Cost Sumary (Updated for both Location and Construction Date)
B3: 0 | C3: Facilitating Works | D3: ='0 Facilitating Works'!F8 -> 147 | E3: =SUM(D3*0.85) -> 124.95 | F3: =SUM(E3/332)*391 -> 147.15497
B4: 1 | C4: Sub-Structure | D4: ='1 Substructure'!F10 -> 238845 | E4: =SUM(D4*0.85) -> 203018.25 | F4: =SUM(E4/332)*391 -> 239096.79
B5: 2 | C5: Superstructre | D5: ='2 Superstructure'!F20 -> 3628860 | E5: =SUM(D5*0.85) -> 3084531 | F5: =SUM(E5/332)*391 -> 3632685.6
B6: 3 | C6: Internal Finishes | D6: ='3 Internal Finishes'!F11 -> 710812.5 | E6: =SUM(D6*0.85) -> 604190.62 | F6: =SUM(E6/332)*391 -> 711561.85
B7: 4 | C7: FFE | D7: ='4 FFE'!F6 -> 1282500 | E7: =SUM(D7*0.85) -> 1090125 | F7: =SUM(E7/332)*391 -> 1283852
B8: 5 | C8: Services | D8: ='5 Services'!F18 -> 3687650 | E8: =SUM(D8*0.85) -> 3134502.5 | F8: =SUM(E8/332)*391 -> 3691537.6
B9: 6 | C9: Prefab Build & Units | D9: ='6 Prefab Build & Units'!F6 -> 0 | E9: =SUM(D9*0.85) -> 0 | F9: N/A
B10: 7 | C10: Work to Existing Buildings | D10: ='7 Work to Exist Buildings'!F6 -> 0 | E10: =SUM(D10*0.85) -> 0 | F10: N/A
B11: 8 | C11: External Works | D11: ='8 External Works'!F9 -> 104015 | E11: =SUM(D11*0.85) -> 88412.75 | F11: =SUM(E11/332)*391 -> 104124.65
B12: 9 | C12: Main Contractor Prelims | D12: ='9 Main Contractor Prelims'!E4 -> 965282.95 | E12: =SUM(D12*0.85) -> 820490.51 | F12: =SUM(E12/332)*391 -> 966300.57
B13: 10 | C13: Main Contractor OH&P | D13: ='10 Main Contractor OH&P'!E4 -> 1592716.9 | E13: =SUM(D13*0.85) -> 1353809.3 | F13: =SUM(E13/332)*391 -> 1594395.9
B14: 11 | C14: Project Design Fees | D14: ='11 Project_design fees'!E4 -> 1592716.9 | E14: =SUM(D14*0.85) -> 1353809.3 | F14: =SUM(E14/332)*391 -> 1594395.9
B15: 12 | C15: Other Development Project Costs | D15: ='12 Other Dev_Proj Costs'!E4 -> 0 | E15: =SUM(D15*0.85) -> 0 | F15: N/A
B16: 13 | C16: Risk | D16: ='13 Risks'!E4 -> 1380354.6 | E16: =SUM(D16*0.85) -> 1173301.4 | F16: =SUM(E16/332)*391 -> 1381809.8
B18: Total | F18: =SUM(F3:F16) -> 15199908

Sheet 0 Facilitating Works
A1: Facilitating Works
A4: Ref | B4: Description | C4: Quantity | D4: Measure | E4: Rate | F4: Total | G4: Notes
A5: 2.1.0.1 | B5: Toxic/Hazardous/Contaminated Material Treatment | C5: 1650 | D5: m2 | E5: 0 | F5: =SUM(E5*C5) -> 0 | G5: No Price available at this time. This will be required.
A6: 2.1.0.3 | B6: Temporary Support to adjacent Structures | C6: 14 | D6: m | E6: 10.5 | F6: =SUM(E6*C6) -> 147 | G6: Yes, neighbouring lot requires support to paved area. 14m x allow for 500mm high. Allow for temporary earth support.
C8: Total | F8: =SUM(F5:F6) -> 147

Sheet 1 Substructure
A1: Sub-Structure
A3: Ref | B3: Description | C3: Quantity | D3: Measure | E3: Rate | F3: Total | G3: Notes
A4: 2.1.1.1 | B4: Excavate to form piling mat; supply and lay imported hardcore - recycled brick and similar to form mat | C4: 100 | D4: m3 | E4: 11.3 | F4: =SUM(E4*C4) -> 1130 | G4: Allow for site movement into serveral locations.
A5: 2.1.1.2 | B5: Privision of Plant (1nr Rig); including brignging to and removing from site; maintenance, erection and dismantling at each pile position. | C5: 1 | D5: Item | E5: 19000 | F5: =SUM(E5*C5) -> 19000
A6: 2.1.1.3 | B6: Supply and install concrete Continuous Flight Auger (CFA) piles; cart away inactive spoil. 15m long pile; 900mm diamaeter. Reinforced concrete CFA Piles | C6: 39 | D6: nr | E6: 2775 | F6: =SUM(E6*C6) -> 108225 | G6: 15m reinforced pile allowed for per pile.
A7: 2.1.1.4 | B7: Excavate pit in firm ground by machine, partial back fill, partial disposal, support, compaction, cut off pile and reinforcement, formwork; reinforced in situ concrete cap 25 N/mm2; reinforcement at 50 kg/m3; rates per cap for cap size. 900mm x 900mm x 1000mm; 1-2 piles | C7: 39 | D7: nr | E7: 910 | F7: =SUM(E7*C7) -> 35490
A8: 2.1.1.5 | B8: Reinforced in situ concrete ground beams; bar reinforcement; formwork. 450mm x 600mm, reinforcement at 270 kg/m3. | C8: 500 | D8: m | E8: 150 | F8: =SUM(E8*C8) -> 75000
B10: Total | F10: =SUM(F4:F9) -> 238845

Sheet 2 Superstructure
A1: Superstructure
A3: Ref | B3: Description | C3: Quantity | D3: Measure | E3: Rate | F3: Total | G3: Notes
A4: 2.1.1.1 | B4: Structural steel frame, including fittings and fixings: details, including size of measurement for ascertaining the gross internal floor area (GIFA). | C4: 5750 | D4: m2 | E4: 180 | F4: =SUM(E4*C4) -> 1035000 | G4: Suspended slab; permanent steel shuttering with 130mm thick concrete; no coverings or finishes up to 6 storeys. Gifa (3750, not in
A5: 2.2.1.1 | B5: Precast concrete suspended floors; 1200mm wide suspended slab; 75mm thick screed; no coverings or finishes | C5: 4750 | D5: m2 | E5: 100 | F5: =SUM(E5*C5) -> 475000
A6: 2.3.2.1 | B6: Roof structure – flat roofs. The area measured is the area of the roof on plan measured to the inside face of the external walls. | C6: 1000 | D6: m2 | E6: 77 | F6: =SUM(E6*C6) -> 77000 | G6: 75mm thick lightweight bituminous screed and vapour barrier.
A7: 2.3.4.1 | B7: Gutters | C7: 170 | D7: m | E7: 94 | F7: =SUM(E7*C7) -> 15980 | G7: 51m x 2 32m x 2 Rounded up for error. Allowedf or edges to flat roofs; code 4 lead drip dresses into gutter; 230mm x 25mm painted softwood fascia; buildup. 100mm uPVC gutter.
A8: 2.3.4.2 | B8: Rainwater Pipes | C8: 120 | D8: m | E8: 57 | F8: =SUM(E8*C8) -> 6840 | G8: Allow for 6nr downpipes @ 20m each. 110mm diamater uPVC downpipes fixing to backgrounds; including offsets and shoes.
A9: 2.4.1.1 | B9: Stair Structures | C9: 8 | D9: nr | E9: 18000 | F9: =SUM(E9*C9) -> 144000 | G9: 2nr 5 flights. 1nr 6 flights.
A10: 2.5.1.1 | B10: External Walls | C10: 2600 | D10: m2 | E10: 205 | F10: =SUM(E10*C10) -> 533000 | G10: 50 x 20m = 1000m2 x 2 = 2000m2 32m x 20m = 640 x 2 = 1280m2 Total 3280m2 (error margin built in). (Less window m2). Allow for reinforeced concrete 25 N/mm2; 15kg/m2 reinofrcement; forwork both sides. 300mm thick.
A11: 2.6.1.1a | B11: Windows | C11: 146 | D11: m2 | E11: 590 | F11: =SUM(E11*C11) -> 86140 | G11: 73nr @ 2m2 Steel windows (U-value = 1.6W/m2 K) Standard windows double glazed; powder coated
A12: 2.6.1.1b | B12: Windows | C12: 550 | D12: m2 | E12: 650 | F12: =SUM(E12*C12) -> 357500 | G12: Walling systems; stick curtain walling with double glazed units, aluminium structural framing and spandrel rails. Standard colour powder coated capped
A13: 2.6.2.1a | B13: External Doors | C13: 8 | D13: nr | E13: 1225 | F13: =SUM(E13*C13) -> 9800 | G13: Double external steel security door, including frame, ironmongery, powder coated finish
A14: 2.6.2.1b | B14: External Doors | C14: 4 | D14: nr | E14: 3800 | F14: =SUM(E14*C14) -> 15200 | G14: Single external steel security door, including frame, ironmongery, powder coated finish
A15: 2.6.2.3 | B15: Shop Front Doors | C15: 1 | D15: nr | E15: 11500 | F15: =SUM(E15*C15) -> 11500 | G15: Automatic glazed sliding doors in aluminium; polyester powder coated; linear sliding doors; inner pivoted pocket screens; glazed with safety units in accordance with BS. ASSA ABLOY SL510 P RC2 Anti-Burglar Sliding Door System complete with 100mm operator providing automated operation of the sliding door leaves Double bi-parting; opening 2.00m× 2.30m
A16: 2.7.1.1 | B16: Internal Walls | C16: 6000 | D16: m2 | E16: 93 | F16: =SUM(E16*C16) -> 558000 | G16: Metal stud and board partitions; height range from 2.40m to 3.30m; 130mm thick partition; 70mm steel studs at 600mm centres generally; 2 layers 15mm Soundbloc board each side; joints filled with joint filler and joint tape; emulsion paint finish; softwood skirtings with gloss finish
A17: 2.8.1.1a | B17: Internal Doors; Single | C17: 307 | D17: nr | E17: 950 | F17: =SUM(E17*C17) -> 291650 | G17: Standard fire doors; cellular core; softwood lining; softwood architrave; aluminuim ironmongery (lockable, self-closure); painting or polishing; single leaf; Oak veneered; 60 min fire resistance; polished
A18: 2.8.1.1b | B18: Internal Doors; Double | C18: 7 | D18: nr | E18: 1750 | F18: =SUM(E18*C18) -> 12250 | G18: Standard fire doors; cellular core; softwood lining; softwood architrave; aluminuim ironmongery (lockable, self-closure); painting or polishing; double leaf; Oak veneered; 60 min fire resistance; polished
E20: Total | F20: =SUM(F4:F19) -> 3628860

Sheet 3 Internal Finishes
A1: Internal Finishes
A3: Ref | B3: Description | C3: Quantity | D3: Measure | E3: Rate | F3: Total | G3: Notes
A4: 2.1.3.1a | B4: Wall Finishes - Hotel | C4: 4750 | D4: m2 | E4: 23 | F4: =SUM(E4*C4) -> 109250 | G4: two coats of lightweight plaster with emulsion finish
A5: 2.1.3.1b | B5: Wall Finishes - Commercial Space | C5: 1500 | D5: m2 | E5: 32 | F5: =SUM(E5*C5) -> 48000 | G5: two coat sand cement render and emulsion finish
A6: 2.1.3.2a | B6: Floor Finishes - Hotel | C6: 4750 | D6: m2 | E6: 75 | F6: =SUM(E6*C6) -> 356250 | G6: Carpet tiles; including underlay, edge grippers heavy domestic duty; to floors;
A7: 2.1.3.2b | B7: Floor Finishes - Commercial Space | C7: 1500 | D7: m2 | E7: 68 | F7: =SUM(E7*C7) -> 102000 | G7: Flexible tiling; welded sheet or butt joint tiles; adhesive fixing Vinyl safety flooring; 3.5mm thick heavy duty
A8: 2.1.3.3a | B8: Ceiling Finishes - Hotel | C8: 4750 | D8: m2 | E8: 15.25 | F8: =SUM(E8*C8) -> 72437.5 | G8: Plaster to soffits plaster skim coat to plasterboard ceilings Emulsion paint to plaster; one mist and two coats
A9: 2.1.3.3b | B9: Ceiling Finishes - Commercial Space | C9: 1500 | D9: m2 | E9: 15.25 | F9: =SUM(E9*C9) -> 22875 | G9: Plaster to soffits plaster skim coat to plasterboard ceilings Emulsion paint to plaster; one mist and two coats
E11: Total | F11: =SUM(F4:F10) -> 710812.5

Sheet 4 FFE
A1: Fittings, Furnishings and Equipment
A3: Ref | B3: Description | C3: Quantity | D3: Measure | E3: Rate | F3: Total | G3: Notes
A4: 2.1.4.1 | B4: Fully fitted out, finished and furnished bathroom pods; installed; suitable for business class hotels | C4: 135 | D4: nr | E4: 9500 | F4: =SUM(E4*C4) -> 1282500 | G4: All Bathroom pods based on accesible requirements
E6: Total | F6: =SUM(F4:F5) -> 1282500

Sheet 5 Services
A1: Services
A3: Ref | B3: Description | C3: Quantity | D3: Measure | E3: Rate | F3: Total | G3: Notes
A4: 2.1.5.1 | B4: Sanitary Installations | C4: 4750 | D4: m2 | E4: 57 | F4: =SUM(E4*C4) -> 270750 | G4: Based on Hotel Gifa
A5: 2.1.5.4 | B5: Water Installations | C5: 4750 | D5: m2 | E5: 67 | F5: =SUM(E5*C5) -> 318250 | G5: Based on Hotel Gifa
A6: 2.1.5.7a | B6: Ventilation; Hotel | C6: 4750 | D6: m2 | E6: 63 | F6: =SUM(E6*C6) -> 299250 | G6: Based on Gifa
A7: 2.1.5.7b | B7: Ventilation; Supermearket | C7: 1500 | D7: m2 | E7: 7.85 | F7: =SUM(E7*C7) -> 11775 | G7: Based on Gifa
A8: 2.1.5.8a | B8: Electrical Installations; Hotel | C8: 4750 | D8: m2 | E8: 280 | F8: =SUM(E8*C8) -> 1330000 | G8: Based on Gifa
A9: 2.1.5.8b | B9: Electrical Installations; Supermarket | C9: 1500 | D9: m2 | E9: 105 | F9: =SUM(E9*C9) -> 157500 | G9: Based on Gifa
A10: 2.1.5.9 | B10: Fuel Installations; Hotel | C10: 4750 | D10: m2 | E10: 4.4 | F10: =SUM(E10*C10) -> 20900 | G10: Gas mains service to plantroom. Gross internal floor area
A11: 2.1.5.9 | B11: Fuel Installations; Supermarket | C11: 1500 | D11: m2 | E11: 2.05 | F11: =SUM(E11*C11) -> 3075 | G11: Gas mains service to plantroom. Gross internal floor area
A12: 2.1.5.10 | B12: Lift and Conveyor Installation | C12: 2 | D12: nr | E12: 140000 | F12: =SUM(E12*C12) -> 280000 | G12: Passenger lifts (standard brushed stainless steel finish; 2 panel centre opening doors). 13 person; 6 stops
A13: 2.1.5.11a | B13: Fire and Lighting Protection; Hotel | C13: 4750 | D13: m2 | E13: 56 | F13: =SUM(E13*C13) -> 266000 | G13: Gross internal floor area (unless described otherwise); Including lightning protection, sprinklers unless stated otherwise
A14: 2.1.5.11b | B14: Fire and Lighting Protection; Supermarket | C14: 1500 | D14: m2 | E14: 1.6 | F14: =SUM(E14*C14) -> 2400 | G14: Gross internal floor area (unless described otherwise); Including lightning protection, sprinklers unless stated otherwise
A15: 2.1.5.12 | B15: Communication, Security and Control Systems; Hotel | C15: 4750 | D15: m2 | E15: 145 | F15: =SUM(E15*C15) -> 688750 | G15: Gross internal floor area (unless described otherwise); Including fire alarm, public address system, security installation unless stated otherwise
A16: 2.1.5.12 | B16: Communication, Security and Control Systems; Supermarket | C16: 1500 | D16: m2 | E16: 26 | F16: =SUM(E16*C16) -> 39000 | G16: Gross internal floor area (unless described otherwise); Including fire alarm, public address system, security installation unless stated otherwise
E18: Total | F18: =SUM(F4:F17) -> 3687650

Sheet 6 Prefab Build & Units
A1: Prefabricated buildings and building units
A3: Ref | B3: Description | C3: Quantity | D3: Measure | E3: Rate | F3: Total | G3: Notes
A4: 2.1.6.1 | B4: Prefabrication buildings and building units | D4: m2 | E4: 0 | F4: =SUM(E4*C4) -> 0 | G4: N/A
E6: Total | F6: =SUM(F4:F5) -> 0

Sheet 7 Work to Exist Buildings
A1: Work to existing buildings
A3: Ref | B3: Description | C3: Quantity | D3: Measure | E3: Rate | F3: Total | G3: Notes
A4: 2.1.7.1 | B4: Minor Demolition and Alteration Works | D4: m2 | E4: 0 | F4: =SUM(E4*C4) -> 0 | G4: N/A
E6: Total | F6: =SUM(F4:F5) -> 0

Sheet 8 External Works
A1: External Works
A3: Ref | B3: Description | C3: Quantity | D3: Measure | E3: Rate | F3: Total | G3: Notes
A4: 2.1.8.2 | B4: Roads, Paths, Pavings and surfacing | C4: 550 | D4: m2 | E4: 110 | F4: =SUM(E4*C4) -> 60500 | G4: based on tarmac
A5: 2.1.8.4 | B5: Fencing, railings and walls | C5: 7.25 | D5: m2 | E5: 240 | F5: =SUM(E5*C5) -> 1740 | G5: Retianing walls 14.5m x 0.5m
A6: 2.1.8.6 | B6: External Drainage | C6: 550 | D6: m2 | E6: 30.5 | F6: =SUM(E6*C6) -> 16775 | G6: Drainage
A7: 2.1.8.7 | B7: External Services | C7: 1 | D7: nr | E7: 25000 | F7: =SUM(E7*C7) -> 25000 | G7: Provisional Sum; allowing for laying electric, water and gas as well as connection
E9: Total | F9: =SUM(F4:F8) -> 104015

Sheet 9 Main Contractor Prelims
A1: Main Contracor Prelims
A3: Ref | B3: Description | C3: Quantity | D3: Measure | E3: Total | F3: Notes
A4: 2.1.9 | B4: Main Contractors Prelims | C4: 10 | D4: % | E4: {=SUM(('Summary Sheet'!D3:D11)*C4%)} -> 965282.95

Sheet 10 Main Contractor OH&P
A1: Main Contracrors OH&P
A3: Ref | B3: Description | C3: Quantity | D3: Measure | E3: Total | F3: Notes
A4: 2.1.10 | B4: Main Contractors OH&P | C4: 15 | D4: % | E4: {=SUM(('Summary Sheet'!D3:D12)*C4%)} -> 1592716.9

Sheet 11 Project_design fees
A1: Project Design Fees
A3: Ref | B3: Description | C3: Quantity | D3: Measure | E3: Total | F3: Notes
A4: 2.1.11 | B4: Design Fees | C4: 15 | D4: % | E4: {=SUM(('Summary Sheet'!D3:D12)*C4%)} -> 1592716.9

Sheet 12 Other Dev_Proj Costs
A3: Ref | B3: Description | C3: Quantity | D3: Measure | E3: Total | F3: Notes
A4: 2.1.12 | D4: % | E4: {=SUM(('Summary Sheet'!D3:D12)*C4%)} -> 0 | F4: N/A

Sheet 13 Risks
A3: Ref | B3: Description | C3: Quantity | D3: Measure | E3: Total | F3: Notes
A4: 2.1.13 | B4: Risk built into the project. | C4: 10 | D4: % | E4: {=SUM(('Summary Sheet'!D3:D15)*C4%)} -> 1380354.6
